 Seeded DCSS version 0.30.1-4-g462c640d31 (webtiles) character file.

Game seed: 15660985446129201502 (custom seed)

10 AccursedSamuel the Chopper (level 2, 25/25 HPs)
             Began as a Hill Orc Reaver on Sept 14, 2023.
             Quit the game on level 1 of the Dungeon.
             The game lasted 00:00:59 (146 turns).

AccursedSamuel the Chopper (Hill Orc Reaver)         Turns: 146, Time: 00:01:00

Health: 25/25      AC:  3    Str: 14    XL:     2   Next: 20%
Magic:  4/4        EV: 11    Int: 13    God:
Gold:   33         SH:  0    Dex:  9    Spells: 3/4 levels left

rFire   . . .        a - +0 hand axe
rCold   . . .        (no shield)
rNeg    . . .        b - +0 leather armour
rPois   .            (no helmet)
rElec   .            (no cloak)
rCorr   .            (no gloves)
SInv    .            (no boots)
Will    .....        (no amulet)
Stlth   +            (no ring)
HPRegen 0.24/turn    (no ring)
MPRegen 0.09/turn

%: no passive effects
@: no status effects
A: no striking features
a: no special abilities


You were on level 1 of the Dungeon.
You visited 1 branch of the dungeon, and saw 1 of its levels.

You collected 33 gold pieces.

Inventory:

Hand Weapons
 a - a +0 hand axe (weapon)
Armour
 b - a +0 leather armour (worn)
Scrolls
 c - a scroll of acquirement


   Skills:
 + Level 2.5 Fighting
 + Level 4.6 Axes
 + Level 0.2 Armour
 + Level 1.5 Dodging
 + Level 1.5 Spellcasting
 + Level 3.1 Conjurations


You had 3 spell levels left.
You knew the following spells:

 Your Spells              Type           Power      Damage    Failure   Level
a - Kiss of Death         Conj/Necr      20%        2d7       19%         1

Your spell library contained the following spells:

 Spells                   Type           Power      Damage    Failure   Level
 Momentum Strike          Conj/Tloc      10%        3d8       26%         2
 Hailstorm                Conj/Ice       5%         3d4       47%         3


Dungeon Overview and Level Annotations

Branches:
Dungeon (1/15)

Altars:


Message History

The bat hits you.
You hit the bat.
You kill the bat!
Found 18 gold pieces.
You see here a bat corpse.
A goblin comes into view. It is wielding a +0 dagger.
The goblin shouts!
Found a scroll labelled YBOGRIHULO.
A goblin comes into view. It is wielding a +0 dagger.
You see here 18 gold pieces.
The goblin shouts!
The goblin hits you with a +0 dagger. The goblin attacks as you move away!
The goblin misses you. The goblin attacks as you move away!
The goblin closely misses you. The goblin barely misses you.
The goblin attacks as you move away! The goblin hits you with a +0 dagger.
The goblin attacks as you move away! The goblin closely misses you.
You see here a bat corpse.
The goblin attacks as you move away! The goblin misses you.
You slash the goblin!
You kill the goblin!
You closely miss the goblin. The goblin barely misses you.
You hit the goblin.
The goblin is heavily wounded.
The goblin hits you but does no damage.
You hit the goblin.
The goblin is severely wounded.
The goblin hits you but does no damage. x2
You hit the goblin.
You kill the goblin!
Things that are here:
a +0 dagger; a +0 dagger You see here a bat corpse.
You now have 33 gold pieces (gained 18).
c - a scroll labelled YBOGRIHULO This is a scroll of acquirement!
Are you sure you want to abandon this character and quit the game? (Confirm with "yes".)
Okay, then.
Unknown command.
Are you sure you want to abandon this character and quit the game? (Confirm with "yes".)

#.# ##......# #.#
##.......##
#.###.........# ###
#...).†.......######
#<##
#.###.....)........#
##.## #.#
##.......#.....###
#..## #.#
##.....##.......#
##..## #.#
##...###.....#.#
#...## ##.# ##.##
#.@...# # ##...##
...# #.# #######
#....## .### #.#
##....# .# #..... .#
##.... .# #.# #....
.# ... ##... .# #.#
#... .# #.# ###.


There were no monsters in sight!

Vanquished Creatures
  2 goblins (D:1)
  A hobgoblin (D:1)
  A kobold (D:1)
  A quokka (D:1)
  A ball python (D:1)
  A bat (D:1)
  3 rats (D:1)
10 creatures vanquished.

Notes
Turn   | Place    | Note
-------+----------+-------------------------------------------
     0 | D:1      | AccursedSamuel the Hill Orc Reaver began the quest for the
                  | Orb.
     0 | D:1      | Reached XP level 1. HP: 18/18 MP: 3/3
    78 | D:1      | Reached XP level 2. HP: 22/25 MP: 4/4
   146 | D:1      | Identified a scroll of acquirement
   146 | D:1      | Quit the game

Illustrated notes

Levels and vault maps discovered:
D:1:      minmay_arrival_pointy, layout_loops_ring, minmay_gold_behind_fungi

Action                     || total
---------------------------++-------
  Melee: Hand axe          ||    22
 Armour: Leather armour    ||    10
  Dodge: Dodged            ||    14
